 Dungeon Crawl Stone Soup version 0.25.0-9-g26727b657a (webtiles) character file.

Game seed: 17892216709056551627

57 Lekan the Ruffian (level 3, -1/28 HPs)
             Began as a Draconian Transmuter on June 16, 2020.
             Slain by an adder (3 damage)
             ... on level 2 of the Dungeon on June 17, 2020.
             The game lasted 00:12:55 (1549 turns).

Lekan the Ruffian (Draconian Transmuter)            Turns: 1549, Time: 00:12:56

Health: -1/28      AC:  5    Str: 13    XL:     3   Next: 73%
Magic:  6/6        EV: 12    Int: 13    God:
Gold:   75         SH:  0    Dex: 11    Spells: 5/6 levels left

rFire    . . .     SeeInvis .   j - +0 war axe
rCold    . . .     Gourm    .   (no shield)
rNeg     . . .     Faith    .   (armour unavailable)
rPois    .         Spirit   .   (helmet restricted)
rElec    .         Reflect  .   (no cloak)
rCorr    .         Harm     .   (no gloves)
MR       .....                  (no boots)
Stlth    +.........             (no amulet)
HPRegen  0.09/turn              (no ring)
MPRegen  0.10/turn              (no ring)

@: lethally poisoned (-1 -> -8), stab
A: unfitting armour, cold-blooded, AC +5
a: no special abilities


You were on level 2 of the Dungeon.
You were not hungry.

You visited 1 branch of the dungeon, and saw 2 of its levels.

You collected 75 gold pieces.

Inventory:

Hand Weapons
 b - a +0 dagger
 j - a +0 war axe (weapon)
Missiles
 a - 12 arrows
 m - 17 bolts
Jewellery
 f - an uncursed ring of protection from cold (quivered)
Scrolls
 i - a scroll of teleportation {unknown}
 k - a scroll of identify {unknown}
 l - 3 scrolls of immolation {unknown}
Potions
 e - 2 potions of brilliance {unknown}
 g - a potion of degeneration {unknown}
 h - a potion of might {unknown}
Comestibles
 c - 3 rations


   Skills:
 + Level 1.6 Fighting
 + Level 2.3 Dodging
 + Level 3.8 Unarmed Combat
 + Level 2.4 Spellcasting
 + Level 2.1 Transmutations


You had 5 spell levels left.
You knew the following spells:

 Your Spells              Type           Power        Failure   Level  Hunger
a - Beastly Appendage     Tmut           #.....       10%         1    #......

Your spell library contained the following spells:

 Spells                   Type           Power        Failure   Level  Hunger
 Sticks to Snakes         Tmut           #.......     16%         2    ###....
 Spider Form              Tmut/Pois      #.........   43%         3    ###....
 Ice Form                 Ice/Tmut       #.......     83%         4    #####..
 Blade Hands              Tmut           #.........   95%         5    ######.


Dungeon Overview and Level Annotations

Branches:
Dungeon (2/15)

Altars:


Innate Abilities, Weirdness & Mutations

Your plain brown scales are hard. (AC +5)
You cannot fit into any form of body armour.
You are cold-blooded and may be slowed by cold attacks.


Message History

* * * LOW HITPOINT WARNING * * *
You feel sick. The adder closely misses you. The adder misses you.
You hit the adder.
The adder is almost dead.
The adder closely misses you. The adder misses you.
You closely miss the adder.
The adder is almost dead.
* * * LOW HITPOINT WARNING * * *
You feel sick. The adder bites you but does no damage. The adder bites you.
* * * LOW HITPOINT WARNING * * *
You are more poisoned.
The adder poisons you!
Okay, then.
Adjust to which letter? (? for menu, Esc to quit)
Okay, then.
It was a potion of stabbing.
You feel ready to backstab.
* * * LOW HITPOINT WARNING * * *
You feel sick. The adder bites you.
You die...

....♣P ♣P..# #.PP♣♣♣.P.#
#.# #.P.P♣P.♣.# #.#
#PP♣♣.P..# #.#####
#...P.P..######.#.... #
##.....#......#.#.###
#.##..######..[..#.#...#
#.....S.####.....#.#<#..
####..#@...........#P...
##'#######..###......
#..# ..........P♣♣. #..#
..........♣♣♣.P #..#
#####....<)♣♣P. #..#
#..##...... #..# #..
#...... 8..8 #. #.#####
.... #. #.#


You could see an adder.

Vanquished Creatures
  A gnoll (D:1)
  An adder (D:2)
  A dart slug (D:1)
  2 leopard geckos (D:1)
  2 giant cockroaches (D:1)
  7 goblins (D:1)
  2 hobgoblins
  4 jackals (D:1)
  5 bats
  2 frilled lizards (D:1)
  2 kobolds (D:1)
  4 rats (D:1)
33 creatures vanquished.

Notes
Turn   | Place    | Note
-------+----------+-------------------------------------------
     0 | D:1      | Lekan the Draconian Transmuter began the quest for the Orb.
     0 | D:1      | Reached XP level 1. HP: 16/16 MP: 3/3
     0 | D:1      | Upgraded the game from 0.25.0-8-gfd19cd77bd to
                  | 0.25.0-9-g26727b657a
   120 | D:1      | Reached XP level 2. HP: 9/23 MP: 5/5
   914 | D:1      | Reached XP level 3. HP: 23/28 MP: 6/6
  1223 | D:1      | You fall into a shaft and drop 1 floor!
  1549 | D:2      | Slain by an adder

Illustrated notes

Levels and vault maps discovered:
D:1:      minmay_arrival_jagged, layout_loops_ring
D:2:      minmay_chambers_of_twos, layout_basic, serial_forest,
          infiniplex_forest_lined_2, infiniplex_forest_clump_medium,
          infiniplex_forest_corner_2, infiniplex_forest_lined_4_way,
          infiniplex_forest_clump_double, infiniplex_forest_straight_2,
          infiniplex_forest_straight_2, nicolae_ru_awakened_eye

Skill      XL: |  1 |
---------------+----+-----
Dodging        | 2 |  2.3
Fighting       | |  1.6
Unarmed Combat | |  3.8
Spellcasting   | |  2.4
Transmutations | |  2.1

Action                   || total
-------------------------++-------
Melee: Unarmed           ||   106
       Tailslap          ||    10
       Punch             ||     1
       War axe           ||    31
  Use: Potion            ||     1
 Stab: Sleeping          ||     2
  Eat: Ration            ||     1
       Chunk             ||     1
Armor: Skin              ||    38
Dodge: Dodged            ||    92
